 Dungeon Crawl Stone Soup version 0.25.1-2-g60ff931df9 (webtiles) character file.

Game seed: 14693242278945238450

3337 Gunterle the Transmogrifier (level 10, -5/88 HPs)
             Began as a Merfolk Transmuter on Oct 10, 2020.
             Was an Elder of Hepliaklqana.
             Slain by a meliai
             ... wielding a +0 broad axe
              (19 damage)
             ... in a Gauntlet.
             The game lasted 01:07:17 (9386 turns).

Gunterle the Transmogrifier (Merfolk Transmuter)    Turns: 9386, Time: 01:07:18

Health: -5/88      AC:  2    Str: 11    XL:     10   Next: 2%
Magic:  9/17       EV: 21    Int: 21    God:    Hepliaklqana [****..]
Gold:   133        SH:  5    Dex: 20    Spells: 7/18 levels left

rFire    . . .     SeeInvis .     - Unarmed
rCold    . . .     Gourm    .   (shield currently unavailable)
rNeg     . . .     Faith    .   (armour currently unavailable)
rPois    x         Spirit   .   (helmet currently unavailable)
rElec    .         Reflect  +   (cloak currently unavailable)
rCorr    .         Harm     .   (gloves currently unavailable)
MR       .....     NoTele   +   (boots currently unavailable)
Stlth    ..........             q - amulet of reflection
HPRegen  0.24/turn              m - ring of stealth
MPRegen  0.15/turn              J - +6 ring of intelligence

@: berserking, lethally poisoned (-5 -> -22), spider-form, very quick
A: tiny, (change form in water), (swift swim), (stealthy swim), reduced essence
a: End Transformation, Recall Ancestor, Ancestor Identity, Transference,
Idealise, Renounce Religion


You were in a Gauntlet.
You worshipped Hepliaklqana.
Hepliaklqana was greatly pleased with you.
You were not hungry.
You were a venomous arachnid creature.
You visited 2 branches of the dungeon, and saw 10 of its levels.
You also visited: Gauntlet.

You collected 373 gold pieces.
You spent 240 gold pieces at shops.

Inventory:

Missiles
 o - 6 atropa-tipped darts
 t - 3 javelins
 v - 11 poisoned darts (quivered)
 I - 3 silver javelins
 K - 34 arrows
Armour
 b - a +0 robe (melded)
 C - the +1 helmet of the Fiddle {Harm *Corrode rC+ SInv}
   (You found it in a Gauntlet)

   It protects you from cold.
   It lets you see invisible.
   It may corrode you when you take damage.
   It increases damage dealt and taken.
 E - a +0 cloak (melded)
Jewellery
 h - an uncursed ring of protection from fire
 i - an uncursed ring of stealth
 l - an uncursed ring of see invisible
 m - a ring of stealth (left front leg)
 q - an amulet of reflection (around neck)
 J - a +6 ring of intelligence (right front leg)
Wands
 p - a wand of iceblast (3)
 u - a wand of paralysis (3)
 L - a wand of clouds (4)
Scrolls
 f - a scroll of immolation
 g - 7 scrolls of remove curse
 j - 2 scrolls of enchant armour
 k - 2 scrolls of enchant weapon
 n - 3 scrolls of teleportation
 r - 3 scrolls of blinking
 y - a scroll of fear
 z - a scroll of fog {unknown}
 D - a scroll of amnesia
 H - a scroll of vulnerability {unknown}
Potions
 a - 2 potions of brilliance
 c - a potion of heal wounds
 e - 2 potions of curing
 s - a potion of berserk rage
 w - 2 potions of mutation
 x - 3 potions of lignification
 A - a potion of resistance {unknown}
 B - a potion of might {unknown}
Comestibles
 d - 21 rations


   Skills:
 - Level 1.4 Fighting
 - Level 3.0 Dodging
 - Level 3.8 Unarmed Combat
 + Level 4.7 Spellcasting
 * Level 12.9 Transmutations
 - Level 3.7 Poison Magic
 + Level 7.5 Invocations


You had 7 spell levels left.
You knew the following spells:

 Your Spells              Type           Power        Failure   Level  Hunger
a - Beastly Appendage     Tmut           ######       1%          1    None
b - Sticks to Snakes      Tmut           ######..     1%          2    #......
c - Spider Form           Tmut/Pois      #####.....   5%          3    ##.....
d - Blade Hands           Tmut           ######....   7%          5    ######.

Your spell library contained the following spells:

 Spells                   Type           Power        Failure   Level  Hunger
 Passwall                 Tmut/Erth      ####....     6%          2    #......
 Ice Form                 Ice/Tmut       ####....     21%         4    ####...
 Petrify                  Tmut/Erth      ####....     21%         4    ####...
 Hydra Form               Tmut           ######....   22%         6    #######
 Sandblast                Erth           #.....       26%         1    None
 Irradiate                Conj/Tmut      ####......   43%         5    ######.
 Stone Arrow              Conj/Erth      #.....       54%         3    ##.....
 Dragon Form              Tmut           ######....   65%         7    #######
 Statue Form              Tmut/Erth      ####.....    90%         6    #######
 Lee's Rapid Deconstruct  Erth           #.........   99%         5    ######.


Dungeon Overview and Level Annotations

Branches:
Dungeon (11/15)            Temple (1/1) D:5         Gauntlet (1/1)
   Lair: D:8-11         Orc: D:9-12

Altars:
Ashenzari
Cheibriados
Dithmenos
Elyvilon
Fedhas
Gozag
Hepliaklqana
Makhleb
Nemelex Xobeh
Okawaru
Qazlal
Ru
Sif Muna
Trog
Uskayaw
Vehumet
Wu Jian
Xom
Yredelemnul
Zin
The Shining One

Shops:
D:4 (   D:6 *?   D:11 !

Annotations:
D:11 exclusion: ice statue Gauntlet 9 transporters


Message History

You feel very sick. You block the meliai's attack. The meliai stings you!
You block the meliai's attack. The meliai completely misses you.
The meliai hits you with a +0 hand axe.
The meliai stings you but does no damage.
The meliai misses you. The meliai barely misses you.
You hit the meliai.
The meliai looks as sick as possible!
The meliai is moderately wounded.
You feel sick. The meliai hits you with a +0 hand axe!
* * * LOW HITPOINT WARNING * * *
The meliai stings you.
* * * LOW HITPOINT WARNING * * *
You bite the meliai!
You kill the meliai!
You have reached level 10!
You feel agile.
* * * LOW HITPOINT WARNING * * *
You feel sick.
The meliai hits you with a +0 broad axe!!
You die...

#≈.....#.©.#.....#########
##.8...#.8.#...8....#.©.#.
##......#.©.#........#...#.
#§§..###########.....#.©.#.
##...#(y##.....#...########
#≈...#!##.###..#...#.##.##.
##...#=#.##.##.#...##..#..#
#§.§.#.#.#y#.#.#...###.##.#
##.8.#.#.#s#.#.#.8.#HG#©.#.
#≈...#.#.#)#.#.#...##k##.##
##...#.##.##.#.#...#)#..#..
#≈...#..###.##.#...#!##©##s
##...#.....##©##...########
#≈...###########...........
##...............8.....8...
#§.8......8................
##§§.............#§########


You could see a meliai (very poisoned).

Vanquished Creatures
  A two-headed ogre (D:8)
  A meliai (Gauntlet)
  2 hogs (D:8)
  An ice beast (D:7)
  2 bullfrogs
  6 killer bees
  A crimson imp (D:7)
  A hound (D:7)
  3 orc wizards
  2 worker ants
  A hexer (D:8)
  A hound skeleton (D:4)
  A gnoll (D:5)
  4 adders
  An ooze (D:3)
  A worm (D:3)
  2 dart slugs
  2 leopard geckos
  9 orcs
  2 ball pythons
  8 bats
  A giant cockroach (D:2)
  A goblin (D:1)
  7 hobgoblins
  2 jackals (D:4)
  4 frilled lizards
  3 kobolds
  5 rats
75 creatures vanquished.

Vanquished Creatures (collateral kills)
  A hippogriff (D:7)
  2 hogs (D:8)
  A human (D:8)
  2 phantoms
  An ogre (D:5)
  3 bullfrogs
  A scorpion (D:4)
  A killer bee (D:11)
  3 hounds
  A quasit (D:7)
  A gnoll shaman (D:5)
  A bullfrog skeleton (D:4)
  5 worker ants
  4 gnolls (D:5)
  8 adders
  A shadow imp (D:11)
  3 worms
  A dart slug (D:4)
  A leopard gecko (D:7)
  5 orcs
  A hobgoblin (D:2)
  2 jackals (D:7)
  A kobold (D:3)
  A quokka (D:6)
  A ball python (D:3)
  3 frilled lizards
  A rat (D:3)
56 creatures vanquished.

Vanquished Creatures (others)
  A scorpion (D:5)
  A killer bee (D:7)
  A hexer (Gauntlet)
  An ancestor (D:4)
4 creatures vanquished.

Grand Total: 135 creatures vanquished

Notes
Turn   | Place    | Note
-------+----------+-------------------------------------------
     0 | D:1      | Gunterle the Merfolk Transmuter began the quest for the
                  | Orb.
     0 | D:1      | Reached XP level 1. HP: 15/15 MP: 3/3
   200 | D:1      | Reached skill level 3 in Transmutations
   200 | D:1      | Reached XP level 2. HP: 21/21 MP: 3/5
   204 | D:1      | Learned a level 2 spell: Sticks to Snakes
   986 | D:2      | Found an opulent altar of Gozag.
   986 | D:2      | Found a hide-covered altar of Uskayaw.
   994 | D:2      | Found a hazy altar of Hepliaklqana.
  1183 | D:2      | Became a worshipper of Hepliaklqana the Forgotten
  1336 | D:2      | Reached XP level 3. HP: 22/23 MP: 0/6
  1397 | D:2      | Learned a level 3 spell: Spider Form
  1955 | D:2      | Reached * piety under Hepliaklqana
  2152 | D:3      | Reached skill level 1 in Poison Magic
  2268 | D:3      | Reached XP level 4. HP: 25/28 MP: 5/7
  2591 | D:3      | Reached skill level 4 in Transmutations
  2862 | D:3      | Reached skill level 1 in Invocations
  3081 | D:4      | Reached XP level 5. HP: 27/33 MP: 6/8
  3421 | D:4      | Reached skill level 5 in Transmutations
  3775 | D:4      | Reached XP level 6. HP: 38/38 MP: 9/9
  4122 | D:4      | Found Gatubah's Weapon Shop.
  4243 | D:4      | Reached ** piety under Hepliaklqana
  4244 | D:4      | Remembered your ancestor Arammadara as a hexer
  4605 | D:5      | Entered Level 5 of the Dungeon
  4626 | D:5      | Reached skill level 6 in Transmutations
  4947 | D:5      | Reached XP level 7. HP: 43/43 MP: 5/10
  5369 | D:5      | Found a staircase to the Ecumenical Temple.
  5383 | Temple   | Entered the Ecumenical Temple
  5656 | D:6      | Learned a level 5 spell: Blade Hands
  5669 | D:6      | Found an opulent altar of Gozag.
  5670 | D:6      | Found Gozag's Platinum Reserve.
  5688 | D:6      | Reached skill level 7 in Transmutations
  5767 | D:6      | Found a hide-covered altar of Uskayaw.
  6081 | D:6      | Reached *** piety under Hepliaklqana
  6302 | D:6      | Reached skill level 8 in Transmutations
  6603 | D:6      | Found Zoej's Magic Scroll Shoppe.
  6611 | D:6      | Bought a scroll of amnesia for 42 gold pieces
  6611 | D:6      | Bought a scroll of teleportation for 36 gold pieces
  6611 | D:6      | Bought a scroll of enchant armour for 90 gold pieces
  6611 | D:6      | Bought a scroll of identify for 24 gold pieces
  6611 | D:6      | Bought a scroll of identify for 24 gold pieces
  6611 | D:6      | Bought a scroll of identify for 24 gold pieces
  6737 | D:7      | Reached XP level 8. HP: 48/48 MP: 8/12
  6790 | D:7      | Reached skill level 9 in Transmutations
  6859 | D:7      | Found a white marble altar of Elyvilon.
  6881 | D:7      | Reached skill level 5 in Invocations
  6952 | D:7      | Noticed a hippogriff
  6960 | D:7      | Killed a hippogriff
  6960 | D:7      | Reached skill level 10 in Transmutations
  7558 | D:7      | Reached **** piety under Hepliaklqana
  7687 | D:7      | Reached skill level 11 in Transmutations
  7687 | D:7      | Reached XP level 9. HP: 44/53 MP: 11/13
  7817 | D:8      | Noticed a two-headed ogre
  7833 | D:8      | Killed a two-headed ogre
  7965 | D:8      | Found a shimmering blue altar of Sif Muna.
  8075 | D:8      | Found a glowing silver altar of Zin.
  8411 | D:8      | Reached skill level 12 in Transmutations
  8659 | D:8      | You fall into a shaft and drop 3 floors!
  8660 | D:11     | Noticed an ice statue
  8673 | D:11     | Found Hemmimpo's Distillery.
  8755 | D:11     | Found a gate leading to a gauntlet.
  8763 | Gauntlet | Entered a Gauntlet
  8763 | Gauntlet | Found a transporter.
  8763 | Gauntlet | Noticed a jumping spider
  8773 | Gauntlet | Found a transporter.
  8774 | Gauntlet | Noticed an entropy weaver
  8774 | Gauntlet | Noticed a wolf spider
  8774 | Gauntlet | Noticed a cacodemon
  8775 | Gauntlet | Found a transporter.
  8778 | Gauntlet | Found a transporter.
  8778 | Gauntlet | Found a transporter.
  8779 | Gauntlet | Found a transporter.
  8781 | Gauntlet | Noticed a fire crab
  8791 | Gauntlet | Found a transporter.
  8798 | Gauntlet | Found a transporter.
  8799 | Gauntlet | Noticed a reaper
  8802 | Gauntlet | Noticed a hellwing
  8857 | Gauntlet | Noticed a black mamba
  8858 | Gauntlet | Noticed a manticore
  8874 | Gauntlet | Noticed a guardian serpent
  8874 | Gauntlet | a manticore changed into a guardian serpent
  8877 | Gauntlet | Noticed a jumping spider
  8877 | Gauntlet | a guardian serpent changed into a jumping spider
  8878 | Gauntlet | Found a transporter.
  8878 | Gauntlet | Noticed a cyclops
  8878 | Gauntlet | a jumping spider changed into a cyclops
  8879 | Gauntlet | Noticed a jumping spider
  8879 | Gauntlet | a cyclops changed into a jumping spider
  8881 | Gauntlet | a black mamba changed into a shapeshifter
  8882 | Gauntlet | Noticed a jumping spider
  8882 | Gauntlet | a shapeshifter changed into a jumping spider
  8886 | Gauntlet | Found a transporter.
  8887 | Gauntlet | a jumping spider changed into a shapeshifter
  8890 | Gauntlet | Found a transporter.
  8890 | Gauntlet | Noticed an elephant
  8891 | Gauntlet | Noticed an elephant
  8894 | Gauntlet | Noticed a dire elephant
  8901 | Gauntlet | Found a transporter.
  8926 | Gauntlet | Noticed a meliai
  8928 | Gauntlet | Noticed a meliai
  8929 | Gauntlet | Noticed a meliai
  8948 | Gauntlet | Noticed a harpy
  8957 | Gauntlet | Noticed a spiny frog
  8957 | Gauntlet | a yak changed into a spiny frog
  8975 | Gauntlet | Noticed a black mamba
  8977 | Gauntlet | Noticed a queen bee
  8977 | Gauntlet | a black mamba changed into a queen bee
  8981 | Gauntlet | Noticed a meliai
  8981 | Gauntlet | a spiny frog changed into a meliai
  8981 | Gauntlet | Noticed a jumping spider
  8981 | Gauntlet | a harpy changed into a jumping spider
  8982 | Gauntlet | Noticed a cyclops
  8982 | Gauntlet | a meliai changed into a cyclops
  8996 | Gauntlet | Noticed a salamander
  8996 | Gauntlet | a queen bee changed into a salamander
  8997 | Gauntlet | Noticed a polar bear
  8997 | Gauntlet | a salamander changed into a polar bear
  9002 | Gauntlet | a polar bear changed into a hog
  9004 | Gauntlet | a cyclops changed into a redback
  9016 | Gauntlet | Noticed an elephant
  9017 | Gauntlet | Noticed a swamp dragon
  9017 | Gauntlet | a snapping turtle changed into a swamp dragon
  9018 | Gauntlet | Noticed a lindwurm
  9018 | Gauntlet | a swamp dragon changed into a lindwurm
  9035 | Gauntlet | Noticed a fire crab
  9035 | Gauntlet | a lindwurm changed into a fire crab
  9205 | Gauntlet | Noticed a torpor snail
  9226 | Gauntlet | Noticed a two-headed ogre
  9226 | Gauntlet | a torpor snail changed into a two-headed ogre
  9243 | Gauntlet | Noticed a manticore
  9243 | Gauntlet | a two-headed ogre changed into a manticore
  9362 | Gauntlet | Got a faintly humming helmet
  9370 | Gauntlet | Identified the +1 helmet of the Fiddle {Harm *Corrode rC+
                  | SInv} (You found it in a Gauntlet)
  9386 | Gauntlet | Killed a meliai
  9386 | Gauntlet | Reached XP level 10. HP: 15/59 MP: 9/17
  9386 | Gauntlet | Slain by a meliai

Illustrated notes

Levels and vault maps discovered:
D:1:      evilmike_arrival_hilbert_curve, layout_rooms, serial_rivers,
          chequers_serial_rivers_small_3, chequers_serial_rivers_micro_c,
          chequers_serial_rivers_micro_b, chequers_serial_rivers_small_3,
          chequers_serial_rivers_micro_e, minmay_statues_item
D:2:      layout_loops_corners, chequers_temple_overflow_statue_of_worship
D:3:      layout_basic, first_ration, minmay_misc_feat_doors
D:4:      layout_basic, serial_shops, nicolae_shop_stone
D:5:      layout_loops_ring, lemuel_temple_firewalk_a
D:6:      minmay_octagon_keep, layout_basic, basic_altar, serial_shops, shop,
          nicolae_gozag_zags_fifth_avenue
D:7:      layout_basic, basic_altar
D:8:      layout_loops_corners, lemuel_round_altar, zin_statuary,
          lemuel_crystal_altar, grunt_livestock
D:11:     layout_rooms, gauntlet_entry_generic, serial_shops,
          kennysheep_mini_moat, minmay_statue_bubble
Temple:   nicolae_temple_elliptical
Gauntlet: minmay_gauntlet_mixed_oops_all_seconds
          [minmay_gauntlet_arena_77_double_cross, nicolae_gauntlet_arena_x,
          minmay_gauntlet_arena_77_squiggly, gammafunk_gauntlet_arena_spirals,
          minmay_gauntlet_arena_77_tiled_triplets,
          gammafunk_gauntlet_arena_split_x,
          nicolae_gauntlet_exit_dead_adventurers]

Skill      XL: |  1  2  3  4  5  6  7  8  9 |
---------------+----------------------------+-----
Transmutations | 3 4 5 6 8 11 12 | 12.9
Dodging        | 3 |  3.0
Poison Magic   | 1 2 3 |  3.7
Invocations    | 1 2 4 6 7 |  7.5
Spellcasting   | 3 4 |  4.7
Fighting       | |  1.4
Unarmed Combat | |  3.8

Action                   |  1- 3 |  4- 6 |  7- 9 | 10-12 || total
-------------------------+-------+-------+-------+-------++-------
Melee: Unarmed           |   103 |    78 |   153 |       ||   334
       Headbutt          |    14 |    10 |     7 |       ||    31
       Punch             |       |     2 |     1 |       ||     3
       Tailslap          |       |       |     2 |       ||     2
Throw: Dart              |       |     1 |     2 |       ||     3
 Cast: Beastly Appendage |    27 |    26 |    14 |       ||    67
       Sticks to Snakes  |     6 |    14 |     3 |       ||    23
       Spider Form       |       |       |    13 |       ||    13
Invok: Ancestor Identity |       |     1 |       |       ||     1
       Ancestor Life: He |       |     1 |       |       ||     1
       Recall Ancestor   |       |       |     4 |       ||     4
       Idealise          |       |       |     1 |       ||     1
Evoke: Wand              |       |       |     8 |       ||     8
  Use: Scroll            |     4 |     5 |    10 |       ||    19
       Potion            |       |       |     2 |       ||     2
 Stab: Distracted        |     1 |       |       |       ||     1
       Sleeping          |       |     2 |     2 |       ||     4
       Confused          |       |     1 |     3 |       ||     4
       Paralysed         |       |       |     8 |       ||     8
  Eat: Chunk             |     5 |    10 |    13 |       ||    28
       Ration            |       |       |     1 |       ||     1
Armor: Robe              |    27 |    11 |     7 |       ||    45
       Skin              |       |       |     5 |       ||     5
Dodge: Dodged            |    97 |    56 |   114 |       ||   267
Block: Other             |       |       |    36 |       ||    36
